 Dungeon Crawl Stone Soup version 0.27-a0-1188-g73eefd5def (webtiles) character file.

Game seed: 1692107649701389005

0 Gargoyl the Skirmisher (level 1, -9/23 HPs)
             Began as a Gnoll Abyssal Knight on May 21, 2021.
             Was a Follower of Lugonu.
             Killed from afar by a hellion (19 damage)
             ... with damnation
             ... on level 4 of the Abyss.
             The game lasted 00:00:51 (148 turns).

Gargoyl the Skirmisher (Gnoll Abyssal Knight)        Turns: 148, Time: 00:00:52

Health: -9/23      AC:  6    Str:  9    XL:     1   Next: 0%
Magic:  3/3        EV: 10    Int: 11    God:    Lugonu [*.....]
Gold:   15         SH:  0    Dex: 11    Spells: 0/0 levels left

rFire    . . .     SeeInvis .   a - +1 hand axe
rCold    . . .     Faith    .   (no shield)
rNeg     . . .     Spirit   .   d - +0 ring mail
rPois    .         Reflect  .   (no helmet)
rElec    .         Harm     .   (no cloak)
rCorr    .         Rampage  .   (no gloves)
Will     +....                  (no boots)
Stlth    +.........             (no amulet)
HPRegen  0.07/turn              (no ring)
MPRegen  0.08/turn              (no ring)

@: unable to read
A: fangs 1, strong nose, distributed training, strong-willed 1, screaming 1,
weak 1, inability to read while threatened
a: Renounce Religion, Depart the Abyss


You were on level 4 of the Abyss.
You worshipped Lugonu.
Lugonu was aware of your devotion.
You visited 0 branches of the dungeon, and saw 0 of its levels.
You visited the Abyss 1 time.

You collected 15 gold pieces.

Inventory:

Hand Weapons
 a - a +1 hand axe (weapon)
Armour
 b - a +0 leather armour
 d - a +0 ring mail (worn)
Scrolls
 c - a scroll of identify


   Skills:
 + Level 6.4 Fighting
 + Level 0.0 Short Blades
 + Level 0.0 Long Blades
 + Level 4.4 Axes
 + Level 0.0 Maces & Flails
 + Level 0.0 Polearms
 + Level 0.0 Staves
 + Level 0.0 Slings
 + Level 0.0 Bows
 + Level 0.0 Crossbows
 + Level 0.0 Throwing
 + Level 4.4 Armour
 + Level 2.3 Dodging
 + Level 0.0 Stealth
 + Level 0.0 Shields
 + Level 0.0 Unarmed Combat
 + Level 0.0 Spellcasting
 + Level 0.0 Conjurations
 + Level 0.0 Hexes
 + Level 0.0 Summonings
 + Level 0.0 Necromancy
 + Level 0.0 Translocations
 + Level 0.0 Transmutations
 + Level 0.0 Fire Magic
 + Level 0.0 Ice Magic
 + Level 0.0 Air Magic
 + Level 0.0 Earth Magic
 + Level 0.0 Poison Magic
 + Level 4.4 Invocations
 + Level 0.0 Evocations


You couldn't memorise any spells.
You didn't know any spells.
Your spell library was empty.

Dungeon Overview and Level Annotations

Branches:
Dungeon (0/15)

Altars:


Innate Abilities, Weirdness & Mutations

You have very sharp teeth.
Your uncanny sense of smell can sniff out nearby items.
Your experience applies equally to all skills.
You are strong-willed. (Will+)
You occasionally shout uncontrollably at your foes.
You are weak. (Str -2)
You sometimes lose the ability to read scrolls when taking damage.


Message History

Aim: a neqoxec (51% to hit, chance to blind on hit: 3%)
You throw an atropa-tipped dart.
The atropa-tipped dart closely misses the neqoxec.
Throw: dart (atropa)
Press: ? - help, Q - select action, (/) - cycle Shift-Dir - straight line, f - you Really target yourself? [Y]es or [N]o only, please.
Really target yourself? [Y]es or [N]o only, please.
Really target yourself?
Okay, then.
Throw: dart (atropa)
Press: ? - help, Q - select action, (/) - cycle Shift-Dir - straight line, f - neqoxec
Aim: a neqoxec (51% to hit, chance to blind on hit: 3%)
You throw an atropa-tipped dart.
The atropa-tipped dart hits the neqoxec.
The neqoxec resists.
The neqoxec gestures at you.
Strange energies course through your body.
You feel weaker.
Tentacles burst from the starspawn's body!
You howl at the starspawn tentacle! 2 starspawn tentacles come into view.
You hear a hideous shriek!
You hear a bellow!
Found a plate armour.
A large abomination comes into view.
A small abomination comes into view.
You hit the large abomination but do no damage.
The large abomination hits you. The neqoxec hits you!
You feel threatened and lose the ability to read scrolls!
The neqoxec gestures at you.
Strange energies course through your body.
You feel strong-willed.
A hellion comes into view.
The hellion gives a hideous shriek!
The hellion gestures at you.
The sphere of damnation explodes!
The damnation engulfs you!!
Ouch! That really hurt!
You die...

...###...###...
..#.....#.. .#.
......... .2.
#.....# ..# ..
#...# ..# # #
##.## #.##
...###...###...##
....#....X#.....#.
[.......3.@.......
....#.....#.....#.
...###...###X..##
#.# ##.## #.##
...###...###...#
... #.....# ....#
........ . ......
...#.....#... .#.
...###..(###...# .


You could see a tentacled starspawn, a large abomination, a hellion and a
neqoxec.

Vanquished Creatures (others)
  6 starspawn tentacles (Abyss:4)
6 creatures vanquished.

Notes
Turn   | Place    | Note
-------+----------+-------------------------------------------
     0 | Abyss:1  | Gargoyl the Gnoll Abyssal Knight began the quest for the
                  | Orb.
     0 | Abyss:1  | Reached XP level 1. HP: 23/23 MP: 3/3
    46 | Abyss:2  | Noticed an orange demon
    61 | Abyss:2  | Noticed a starcursed mass
   100 | Abyss:4  | Noticed a large abomination
   106 | Abyss:4  | Noticed a tentacled starspawn
   119 | Abyss:4  | Noticed a neqoxec
   120 | Abyss:4  | Gained mutation: You sometimes lose the ability to read
                  | scrolls when taking damage. [a neqoxec]
   123 | Abyss:4  | Gained mutation: You occasionally shout uncontrollably at
                  | your foes. [a neqoxec]
   139 | Abyss:4  | Gained mutation: You are weak. (Str -2) [a neqoxec]
   141 | Abyss:4  | Noticed a large abomination
   144 | Abyss:4  | Noticed a small abomination
   147 | Abyss:4  | Gained mutation: You are strong-willed. (Will+) [a neqoxec]
   148 | Abyss:4  | Noticed a hellion
   148 | Abyss:4  | Killed from afar by a hellion

Illustrated notes

Levels and vault maps discovered:
Abyss:4:  base: Temple, due_evilmike_abyss_rune_seething_liches,
          abyss_furniture_001, evilmike_abyss_exit_plants,
          evilmike_abyss_exit_plants, evilmike_abyss_exit_kraken,
          evilmike_abyss_exit_chaos, doesnt_abyss_rune_brain_food

Action                   || total
-------------------------++-------
Melee: Hand axe          ||     1
Throw: Dart              ||     2
  Use: Scroll            ||     1

Table legend: (Time is in decaauts)
 A = Elapsed time spent in this place.
 B = Non-inter-level travel time spent in this place.
 C = Inter-level travel time spent in this place.
 D = Time resting spent in this place.
 E = Time spent auto-exploring this place.
 F = Levels seen in this place.
 G = Mean time per level.
                   A        B        C        D        E       F      G
               +--------+--------+--------+--------+--------+-----+--------+
         Total |    147 |    147 |      0 |      0 |     40 |   4 |   36.8 |
         Abyss |    147 |    147 |      0 |      0 |     40 |   4 |   36.8 |
               +--------+--------+--------+--------+--------+-----+--------+

Top non-repeatable levels by time:
 Abyss:4: 66 daAuts
 Abyss:1: 43 daAuts
 Abyss:2: 23 daAuts
 Abyss:3: 13 daAuts
